 Dungeon Crawl Stone Soup version 0.25.0-62-ga5774d7 (webtiles) character file.

64172 Illumine the Basher (level 15, -3/96 HPs)
             Began as a Gargoyle Fighter on June 30, 2020.
             Was the Champion of the Shining One.
             Slain by an orc warrior
             ... wielding a +0 glaive
             ... led by an orc knight
              (16 damage)
             ... while paralysed by an orc sorcerer
             ... in the Orcish Mines.
             The game lasted 00:13:16 (3985 turns).

Illumine the Basher (Gargoyle Fighter)              Turns: 3985, Time: 00:13:17

Health: -3/96      AC: 28    Str: 28    XL:     15   Next: 12%
Magic:  28/31      EV:  2    Int: 10    God:    the Shining One [******]
Gold:   503        SH:  0    Dex: 14    Spells: 14/14 levels left

rFire    . . .     SeeInvis +   a - +0 morningstar of the Harvest {crush, +Blink Str+3 SInv}
rCold    . . .     Gourm    .   (no shield)
rNeg     + + +     Faith    .   h - +0 plate armour
rPois    ∞         Spirit   .   (no helmet)
rElec    +         Reflect  .   (no cloak)
rCorr    .         Harm     .   (no gloves)
MR       +....                  g - +0 pair of boots
Stlth    ..........             l - amulet of magic regeneration
HPRegen  0.26/turn              r - +5 ring of dexterity
MPRegen  0.47/turn              D - ring of magical power

@: paralysed, divine shield, glowing
A: big wings, negative energy resistance 1, electricity resistance, unbreathing,
petrification resistance, rot immunity, AC +11
a: Fly, Divine Shield, Cleansing Flame, Summon Divine Warrior, Brand Weapon With
Holy Wrath, Renounce Religion, Evoke Blink


You were in the Orcish Mines.
You worshipped the Shining One.
The Shining One was exalted by your worship.
You were very hungry.

You visited 3 branches of the dungeon, and saw 5 of its levels.
You also visited: Ice Cave.

You collected 503 gold pieces.

Inventory:

Hand Weapons
 a - the +0 morningstar of the Harvest (weapon) {crush, +Blink Str+3 SInv}
   (You took it off an orc on level 2 of the Dungeon)

   It inflicts extra damage upon your enemies.
   It affects your strength (+3).
   It lets you see invisible.
   It lets you blink.
 b - a +0 hunting sling
Missiles
 d - a tomahawk (quivered)
 s - 79 stones
 t - 57 sling bullets
Armour
 c - a +0 shield
 g - a +0 pair of boots (worn)
 h - a +0 plate armour (worn)
 K - a +0 large shield
Jewellery
 l - an amulet of magic regeneration (around neck)
 r - a +5 ring of dexterity (left hand)
 D - a ring of magical power (right hand)
 H - an uncursed ring of see invisible
Wands
 e - a wand of digging (5)
 v - a wand of paralysis (7)
 E - a wand of flame (12)
 G - a wand of disintegration (26)
Scrolls
 j - 2 scrolls of teleportation
 k - 4 scrolls of remove curse
 n - a scroll of immolation
 q - 2 scrolls of amnesia
 w - a scroll of enchant armour {unknown}
 y - a scroll of fear {unknown}
Potions
 i - 2 potions of agility
 m - 2 potions of heal wounds
 p - a potion of haste
 u - 2 potions of brilliance
 x - a potion of berserk rage
 z - 2 potions of might
 A - a potion of invisibility
 C - a potion of magic
 I - a potion of curing
Comestibles
 f - 11 rations


   Skills:
 + Level 12.0 Fighting
 + Level 12.9 Maces & Flails
 + Level 6.9 Slings
 + Level 12.1 Armour
 + Level 6.4 Dodging
 + Level 12.0 Shields
 + Level 9.7 Invocations


You had 14 spell levels left.
You didn't know any spells.
Your spell library contained the following spells:

 Spells                   Type           Power        Failure   Level  Hunger
 Corona                   Hex            #......      95%         1    ##.....
 Ensorcelled Hibernation  Hex/Ice        #.....       99%         2    ###....
 Confuse                  Hex            #.......     100%        3    ####...
 Dazzling Spray           Conj/Hex       #.....       100%        3    ####...
 Tukima's Dance           Hex            #.......     100%        3    ####...
 Leda's Liquefaction      Hex/Erth       #.........   100%        4    #####..
 Bolt of Magma            Conj/Fire/Erth #.........   100%        5    ######.
 Iron Shot                Conj/Erth      #.........   100%        6    #######
 Shatter                  Erth           #.........   100%        9    #######
 Statue Form              Tmut/Erth      Unusable     N/A         6    N/A

Dungeon Overview and Level Annotations

Branches:
Dungeon (3/3)              Temple (1/1) D:1           Swamp (0/1) D:3
 Spider (0/1) D:2           Slime (0/1) D:2             Orc (1/1) D:2
    Elf (0/1) Orc          Vaults (0/1) D:2
 Depths: D:3

Altars:
Ashenzari
Cheibriados
Dithmenos
Elyvilon
Fedhas
Gozag
Hepliaklqana
Kikubaaqudgha
Makhleb
Nemelex Xobeh
Okawaru
Qazlal
Ru
Sif Muna
Trog
Uskayaw
Vehumet
Wu Jian
Xom
Yredelemnul
Zin
The Shining One
Jiyva


Innate Abilities, Weirdness & Mutations

You are resistant to torment.
Your stone body is resilient. (AC +11)
You are immune to poison.
Your large and strong wings let you fly indefinitely.
You resist negative energy. (rN+)
You are resistant to electric shocks. (rElec)
You can survive without breathing.
You are immune to petrification.
You are immune to rotting.


Message History

You hear a shout! x7
The orc sorcerer casts a spell at you.
You suddenly lose the ability to move!
The orc warrior hits you from afar with a +0 glaive!
The orc knight hits you with a +0 war axe!
* * * LOW HITPOINT WARNING * * *
The orc warrior hits you from afar with a +0 glaive.
* * * LOW HITPOINT WARNING * * *
The orc knight hits you but does no damage.
The orc wizard miscasts a cantrip.
The orc warrior hits you but does no damage.
The orc knight hits you but does no damage.
The orc wizard begins to cast a cantrip, but forgets the words!
The orc sorcerer hits you but does no damage.
The orc warrior hits you from afar with a +0 glaive!
* * * LOW HITPOINT WARNING * * *
The orc knight hits you but does no damage.
The orc sorcerer mumbles some strange words.
The orc warrior hits you from afar with a +0 glaive!
You die...

***,,,,,............#
**,,,,,.............#
*,,,,,.$............#
..,.................#
....................#
...................##
..............o.....#
..............#C..$$#
.............#)#@..##
............#.oo#...#
.............#3#....#
.............3#....##
....................#
.................$..#
....................#
.............o.....##
..$.................*


You could see a stone giant, an orc knight, 2 sun demons, an orc sorcerer and an
orc warrior.

Vanquished Creatures
  A very ugly thing (D:3)
  3 vault guards (D:2)
  2 two-headed ogres (D:2)
  A skeletal warrior (D:3)
  2 orc sorcerers (Orc)
  A deep elf mage (D:2)
  2 ugly things
  2 centaur zombies (D:2)
  A yaktaur (D:3)
  2 trolls (D:2)
  A hippogriff (D:2)
  A slime creature (D:3)
  Sigmund (D:2)
  A shadow (D:2)
  9 humans (D:2)
  A wraith (D:2)
  6 ice beasts (IceCv)
  An eye of draining (D:2)
  6 orc warriors
  2 ogres
  A boggart (D:3)
  3 centaurs
  A bullfrog (D:1)
  A wyvern skeleton (D:2)
  A scorpion (D:1)
  2 crimson imps (D:1)
  2 jellies (D:1)
  8 orc priests
  3 bullfrog skeletons
  6 orc wizards
  2 worker ants (D:1)
  A hound skeleton (D:1)
  A worker ant zombie (D:1)
  3 gnolls (Orc)
  2 adders
  21 orcs
  A giant cockroach (D:1)
  A goblin (D:2)
  3 quokkas (D:1)
109 creatures vanquished.

Vanquished Creatures (others)
  A human (D:2)
1 creature vanquished.

Grand Total: 110 creatures vanquished

Notes
Turn   | Place    | Note
-------+----------+-------------------------------------------
     0 | D:1      | Illumine the Gargoyle Fighter began the quest for the Orb.
     0 | D:1      | Reached XP level 1. HP: 14/14 MP: 1/1
     0 | D:1      | Noticed an orc wizard
    26 | D:1      | Killed an orc wizard
    26 | D:1      | Reached XP level 2. HP: 17/20 MP: 2/2
    26 | D:1      | Reached XP level 3. HP: 20/24 MP: 3/3
    26 | D:1      | Reached XP level 4. HP: 24/29 MP: 4/4
   160 | D:1      | Found a blossoming altar of Fedhas.
   185 | D:1      | Reached XP level 5. HP: 21/34 MP: 5/5
   185 | D:1      | Reached XP level 6. HP: 24/39 MP: 6/6
   407 | D:1      | Reached skill level 5 in Maces & Flails
   407 | D:1      | Reached XP level 7. HP: 40/44 MP: 7/7
   443 | D:1      | Reached skill level 5 in Fighting
   443 | D:1      | Reached skill level 5 in Armour
   443 | D:1      | Reached skill level 5 in Shields
   443 | D:1      | Reached XP level 8. HP: 40/50 MP: 8/8
   507 | D:1      | Found a staircase to the Ecumenical Temple.
   731 | D:1      | Found a sacrificial altar of Ru.
   765 | Temple   | Entered the Ecumenical Temple
   872 | Temple   | Became a worshipper of the Shining One
   925 | D:1      | Reached XP level 9. HP: 50/56 MP: 9/9
   926 | D:1      | Found a snail-covered altar of Cheibriados.
  1025 | D:1      | Reached * piety under the Shining One
  1053 | D:1      | Found an ancient bone altar of Kikubaaqudgha.
  1060 | D:1      | Found an iron altar of Okawaru.
  1060 | D:1      | Found a hide-covered altar of Uskayaw.
  1063 | D:1      | Found a shimmering altar of Xom.
  1064 | D:1      | Found a sparkling altar of Nemelex Xobeh.
  1065 | D:1      | Found a hazy altar of Hepliaklqana.
  1260 | D:1      | Reached ** piety under the Shining One
  1306 | D:1      | Reached XP level 10. HP: 57/63 MP: 10/10
  1309 | D:1      | Reached skill level 1 in Invocations
  1441 | D:2      | Noticed a deep elf mage
  1456 | D:2      | Killed a deep elf mage
  1456 | D:2      | Reached skill level 10 in Maces & Flails
  1530 | D:2      | Noticed a green ugly thing
  1531 | D:2      | Reached XP level 11. HP: 69/69 MP: 9/13
  1544 | D:2      | Killed a green ugly thing
  1569 | D:2      | Found a viscous altar of Jiyva.
  1570 | D:2      | Found a staircase to the Slime Pits.
  1595 | D:2      | Noticed Sigmund
  1619 | D:2      | Reached skill level 1 in Dodging
  1622 | D:2      | Reached skill level 5 in Invocations
  1626 | D:2      | Noticed a two-headed ogre
  1647 | D:2      | Killed a two-headed ogre
  1647 | D:2      | Reached skill level 1 in Slings
  1647 | D:2      | Reached XP level 12. HP: 51/76 MP: 12/16
  1668 | D:2      | Reached *** piety under the Shining One
  1864 | D:2      | Found a staircase to the Orcish Mines.
  1866 | D:2      | Identified the cursed +0 morningstar of the Harvest {crush,
                  | +Blink Str+3 SInv}
  1878 | D:2      | Reached **** piety under the Shining One
  1924 | D:2      | Killed Sigmund
  1934 | D:2      | Reached skill level 10 in Armour
  1951 | D:2      | Noticed a two-headed ogre
  1962 | D:2      | Killed a two-headed ogre
  1962 | D:2      | Reached skill level 10 in Fighting
  1962 | D:2      | Reached skill level 10 in Shields
  2144 | D:2      | Reached XP level 13. HP: 73/83 MP: 18/18
  2439 | D:2      | Found a hole to the Spider Nest.
  2455 | D:2      | Reached ***** piety under the Shining One
  2551 | D:2      | Noticed a vault guard
  2551 | D:2      | Noticed a vault guard
  2581 | D:2      | Killed a vault guard
  2601 | D:2      | Noticed a vault guard
  2618 | D:2      | Killed a vault guard
  2618 | D:2      | Reached skill level 5 in Slings
  2618 | D:2      | Reached skill level 5 in Dodging
  2628 | D:2      | Killed a vault guard
  2628 | D:2      | Gained mutation: Your large and strong wings let you fly
                  | indefinitely. [Gargoyle growth]
  2628 | D:2      | Reached XP level 14. HP: 90/90 MP: 20/20
  2764 | D:2      | Found a gate to the Vaults.
  2847 | Orc      | Entered the Orcish Mines
  3025 | D:3      | Entered Level 3 of the Dungeon
  3025 | D:3      | Found a staircase to the Swamp.
  3107 | D:3      | Noticed a cyan very ugly thing
  3134 | D:3      | Killed a cyan very ugly thing
  3504 | Orc      | Paralysed by an orc sorcerer for 3 turns
  3517 | Orc      | Found a frozen archway.
  3526 | IceCv    | Entered an ice cave
  3526 | IceCv    | Reached ****** piety under the Shining One
  3546 | IceCv    | Reached XP level 15. HP: 67/96 MP: 22/22
  3980 | Orc      | Paralysed by an orc sorcerer for 7 turns
  3985 | Orc      | Slain by an orc warrior

Skill      XL: |  1  2  3  4  5  6  7  8  9 10 11 12 13 14 15 |
---------------+----------------------------------------------+-----
Maces & Flails | 3 4 5 6 7 9 10 11 12 | 12.9
Fighting       | 4 5 6 7 8 9 10 11 12 | 12.0
Armour         | 4 5 6 7 8 9 10 11 12 | 12.1
Shields        | 4 5 6 7 8 9 10 11 12 | 12.0
Invocations    | 3 5 7 8 9 |  9.7
Dodging        | 2 3 5 6 |  6.4
Slings         | 1 3 5 6 |  6.9

Action                   |  1- 3 |  4- 6 |  7- 9 | 10-12 | 13-15 || total
-------------------------+-------+-------+-------+-------+-------++-------
Melee: Flail             |     2 |    51 |    70 |   106 |    16 ||   245
       Morningstar       |       |       |       |    38 |   218 ||   256
 Fire: Hunting sling     |       |       |     3 |     2 |     6 ||    11
Throw: Tomahawk          |       |       |     1 |     1 |     2 ||     4
Invok: Divine Shield     |       |       |       |     4 |     4 ||     8
       Cleansing Flame   |       |       |       |       |     1 ||     1
Evoke: Wand              |       |       |       |       |     2 ||     2
  Use: Potion            |       |     1 |       |       |       ||     1
       Scroll            |       |       |       |    10 |     7 ||    17
  Eat: Ration            |       |       |     1 |       |     1 ||     2
       Chunk             |       |       |       |     1 |     2 ||     3
Armor: Scale mail        |     2 |     3 |       |       |       ||     5
       Plate armour      |       |    19 |    33 |    45 |   122 ||   219
Dodge: Dodged            |       |    12 |    11 |    29 |    96 ||   148
Block: Shield            |     1 |    22 |    29 |    72 |    38 ||   162
       Other             |       |       |       |       |     9 ||     9
